 Dungeon Crawl Stone Soup version 0.25.1-2-g60ff931df9 (webtiles) character file.

Game seed: 7376369693011241544

671 Johnny the Poker (level 7, -4/60 HPs)
             Began as a Demigod Gladiator on Aug 15, 2020.
             Slain by a two-headed ogre
             ... wielding a +0 giant spiked club
              (23 damage)
             ... on level 5 of the Dungeon.
             The game lasted 00:04:14 (5173 turns).

Johnny the Poker (Demigod Gladiator)                Turns: 5173, Time: 00:04:16

Health: -4/60      AC: 10    Str: 21    XL:     7   Next: 10%
Magic:  0/9        EV: 12    Int: 18    God:
Gold:   62         SH:  0    Dex: 23    Spells: 6/6 levels left

rFire    . . .     SeeInvis .   a - +1 trident
rCold    . . .     Gourm    .   (no shield)
rNeg     . . .     Faith    .   z - +1 ring mail {rPois}
rPois    +         Spirit   +   c - +0 helmet
rElec    .         Reflect  .   v - +1 cloak
rCorr    .         Harm     .   r - +0 pair of gloves
MR       .....                  (no boots)
Stlth    +.........             l - amulet of guardian spirit
HPRegen  0.20/turn              t - +6 ring of intelligence
MPRegen  0.11/turn              y - +6 ring of dexterity

@: no status effects
A: high mp 1
a: no special abilities


You were on level 5 of the Dungeon.
You were very hungry.

You visited 1 branch of the dungeon, and saw 5 of its levels.
You also visited: Sewer.

You collected 150 gold pieces.
You spent 88 gold pieces at shops.

Inventory:

Hand Weapons
 a - a +1 trident (weapon)
Missiles
 d - 3 throwing nets (quivered)
Armour
 c - a +0 helmet (worn)
 r - a +0 pair of gloves (worn)
 v - a +1 cloak (worn)
 z - a +1 ring mail of poison resistance (worn)
Jewellery
 l - an amulet of guardian spirit (around neck)
 t - a +6 ring of intelligence (left hand)
 w - an uncursed amulet of faith {unknown}
 y - a +6 ring of dexterity (right hand)
Scrolls
 g - 2 scrolls of amnesia
 h - a scroll of remove curse {unknown}
 k - a scroll of teleportation {unknown}
 n - 2 scrolls of magic mapping
Potions
 b - a potion of brilliance {unknown}
 e - a potion of degeneration {unknown}
 j - 3 potions of curing
 m - a potion of flight {unknown}
 o - a potion of heal wounds {unknown}
 s - a potion of lignification {unknown}
 u - 2 potions of might {unknown}
 x - a potion of cancellation {unknown}
Comestibles
 f - 6 rations


   Skills:
 + Level 4.4 Fighting
 * Level 6.6 Polearms
 - Level 1.7 Throwing
 - Level 2.6 Dodging


You had 6 spell levels left.
You didn't know any spells.
Your spell library contained the following spells:

 Spells                   Type           Power        Failure   Level  Hunger
 Corona                   Hex            #......      36%         1    ##.....
 Ensorcelled Hibernation  Hex/Ice        #.....       50%         2    ###....
 Confusing Touch          Hex            #.......     73%         3    ####...
 Dazzling Flash           Conj/Hex       #.....       73%         3    ####...
 Tukima's Dance           Hex            #.......     73%         3    ####...


Dungeon Overview and Level Annotations

Branches:
Dungeon (5/15)              Sewer (visited)
 Temple: D:4-7

Shops:
D:4 *

Annotations:
D:4 Martska's ghost, amateur NaFi


Innate Abilities, Weirdness & Mutations

You have an increased reservoir of magic. (+10% MP)


Message History

Unknown command.
Unknown command.
As you read the scroll labeled KEGGAR EHABEYPN, it crumbles to dust.
It is a scroll of enchant armour.
Your +0 ring mail of poison resistance glows green for a moment.
The adder barely misses you.
The two-headed ogre barely misses you. x2
The adder bites you.
As you read the scroll labeled JATITO KE VIN, it crumbles to dust.
It is a scroll of enchant weapon.
Your +0 trident glows red for a moment.
The ogre barely misses you.
The two-headed ogre hits you with a +0 giant spiked club!
The two-headed ogre hits you with a +0 giant club!
The adder closely misses you.
As you read the scroll labeled XIFOGH NAIKAAS, it crumbles to dust.
Your body is wracked with pain!
The ogre convulses!
The giant cockroach convulses!
The adder convulses!
The two-headed ogre convulses!
The giant cockroach convulses!
It was a scroll of torment.
The adder bites you. The ogre closely misses you.
The two-headed ogre hits you with a +0 giant spiked club!!
You die...

#########.........#
#.........#
#.........###
#...........#
#...........##
####......_...##
................
######...[(....###
#@Os≈≈......#.##
#SO≈≈.........#
#sZ≈....###...#
#≈≈≈....# #...#
####≈≈.$...# #...#
............# #...#
............# ..#
.............#
.............#


You could see a two-headed ogre, an ogre, an adder, 2 giant cockroaches and a
hound skeleton.

Vanquished Creatures
  A water moccasin (D:4)
  A phantom (D:4)
  2 bullfrogs (Sewer)
  2 crimson imps
  An orc priest (D:3)
  An iguana (D:4)
  A worker ant (D:5)
  A howler monkey skeleton (D:4)
  7 adders
  An adder skeleton (D:4)
  4 worms
  3 dart slugs
  5 leopard geckos
  4 orcs (D:3)
  6 ball pythons
  10 giant cockroaches
  10 goblins
  9 hobgoblins
  10 jackals
  8 kobolds
  A quokka (D:2)
  7 bats
  12 frilled lizards
  7 rats
114 creatures vanquished.

Notes
Turn   | Place    | Note
-------+----------+-------------------------------------------
     0 | D:1      | Johnny the Demigod Gladiator began the quest for the Orb.
     0 | D:1      | Reached XP level 1. HP: 17/17 MP: 3/3
    64 | D:1      | Reached skill level 3 in Polearms
   186 | D:1      | Reached XP level 2. HP: 20/24 MP: 4/4
   864 | D:2      | Reached XP level 3. HP: 25/30 MP: 5/5
  1327 | D:2      | Reached skill level 4 in Polearms
  1538 | D:2      | Reached XP level 4. HP: 36/37 MP: 6/6
  1749 | D:2      | Found a hide-covered altar of Uskayaw.
  2864 | D:3      | Reached XP level 5. HP: 45/45 MP: 7/7
  3035 | D:4      | Found a transporter.
  3036 | D:4      | Noticed Martska's ghost (amateur NaFi)
  3036 | D:4      | Noticed an orc warrior
  3176 | D:4      | Found Eklyass's Serpentskin Sales.
  3176 | D:4      | Noticed a water moccasin
  3183 | D:4      | Killed a water moccasin
  3183 | D:4      | Reached skill level 5 in Polearms
  3189 | D:4      | Bought a +0 ring mail of poison resistance for 88 gold
                  | pieces
  3210 | D:4      | Noticed a phantom
  3276 | D:4      | Killed a phantom
  3276 | D:4      | Reached XP level 6. HP: 28/52 MP: 8/8
  3510 | D:4      | Found a sparkling altar of Nemelex Xobeh.
  3719 | D:4      | Reached skill level 6 in Polearms
  3909 | D:4      | Found a transporter.
  4098 | D:5      | Entered Level 5 of the Dungeon
  4191 | D:5      | Found a white marble altar of Elyvilon.
  4209 | D:5      | Noticed a two-headed ogre
  4228 | D:5      | Found a glowing drain.
  4241 | Sewer    | Entered a sewer
  4784 | Sewer    | Reached XP level 7. HP: 48/60 MP: 6/9
  5173 | D:5      | Slain by a two-headed ogre

Illustrated notes

Levels and vault maps discovered:
D:1:      grunt_arrival_crossed_arrows, layout_loops_ring,
          hangedman_decor_opposing, serial_park_tiny_1, minmay_pentomino_z2
D:2:      layout_basic, eat_drink_and_be_merry_uskayaw
D:3:      layout_basic
D:4:      layout_cave_pods, lemuel_doored_altar, gammafunk_ghost_arena,
          guppyfry_shop_venom
D:5:      layout_basic, lemuel_round_altar, basic_altar, first_ration,
          portal_sewer_entry_b, serial_shops, nicolae_shop_trees

Skill      XL: |  1  2  3  4  5  6 |
---------------+-------------------+-----
Polearms       | 3 4 5 6 |  6.6
Fighting       | 2 3 4 |  4.4
Throwing       | |  1.7
Dodging        | |  2.6

Action                   |  1- 3 |  4- 6 |  7- 9 || total
-------------------------+-------+-------+-------++-------
Melee: Trident           |   133 |   273 |       ||   406
  Use: Scroll            |       |       |     6 ||     6
 Stab: Sleeping          |     2 |     2 |       ||     4
       Distracted        |     1 |       |       ||     1
  Eat: Chunk             |     2 |    11 |       ||    13
Armor: Leather armour    |    34 |     1 |       ||    35
       Scale mail        |       |    46 |       ||    46
       Ring mail         |       |    72 |       ||    72
Dodge: Dodged            |    87 |   160 |     7 ||   254
